 Dungeon Crawl Stone Soup version 0.26.0-41-g79a4fc7684 (webtiles) character file.

Game seed: 10440178844864066023

115 kreisler the Sneak (level 5, 0/35 HPs)
             Began as an Octopode Brigand on Jan 26, 2021.
             Killed by nerve-wracking pain
             ... invoked by Grinder
              (8 damage)
             ... on level 3 of the Dungeon.
             The game lasted 00:05:54 (1501 turns).

kreisler the Sneak (Octopode Brigand)               Turns: 1501, Time: 00:05:55

Health: 0/35       AC:  1    Str:  7 (10) XL:     5   Next: 0%
Magic:  5/5        EV: 13    Int: 11 (14) God:
Gold:   91         SH:  0    Dex: 11 (14) Spells: 4/4 levels left

rFire    . . .     SeeInvis .   a - +2 dagger
rCold    . . .     Faith    .   (no shield)
rNeg     . . .     Spirit   .   (helmet restricted)
rPois    .         Reflect  .   (no amulet)
rElec    .         Harm     .   g - ring of resist corrosion
rCorr    +         Rampage  .   (no ring)
Will     .....                  (no ring)
Stlth    ++++......             (no ring)
HPRegen  0.11/turn              (no ring)
MPRegen  0.09/turn              (no ring)
                                (no ring)
                                (no ring)

@: very slightly contaminated, invisible
A: almost no armour, stealthy swim, amphibious, 8 rings, constrict 8, camouflage
1, gelatinous body 1
a: no special abilities


You were on level 3 of the Dungeon.
You visited 1 branch of the dungeon, and saw 3 of its levels.

You collected 91 gold pieces.

Inventory:

Hand Weapons
 a - a +2 dagger (weapon)
Missiles
 b - 4 poisoned darts (quivered)
 c - 2 curare-tipped darts
Jewellery
 e - a cursed amulet of inaccuracy
 g - a ring of resist corrosion (left tentacle)
Scrolls
 f - a scroll of identify
 i - a scroll of remove curse


   Skills:
 + Level 2.5 Fighting
 + Level 2.4 Short Blades
 + Level 2.0 Throwing
 + Level 1.5 Dodging
 + Level 7.6 Stealth


You had 4 spell levels left.
You didn't know any spells.
Your spell library was empty.

Dungeon Overview and Level Annotations

Branches:
Dungeon (3/15)

Altars:

Annotations:
D:3 Grinder


Innate Abilities, Weirdness & Mutations

You cannot wear most types of armour.
You are very stealthy in the water. (Stealth+)
You are amphibious.
You can wear up to eight rings at the same time.
You can use your tentacles to constrict eight enemies at once.
Your skin changes colour to match your surroundings (Stealth+).
Your rubbery body absorbs attacks. (AC +1, EV +1)


Message History

You throw a poisoned dart.
The poisoned dart closely misses Grinder.
Throw: 7 darts (poison)
Press: ? - help, Q - select action, (/) - cycle Shift-Dir - straight line, f/p - Grinder
Aim: Grinder (moderately wounded, 53% to hit)
You throw a poisoned dart.
The poisoned dart closely misses Grinder.
Throw: 6 darts (poison)
Press: ? - help, Q - select action, (/) - cycle Shift-Dir - straight line, f/p - Grinder
Aim: Grinder (moderately wounded, 53% to hit)
You throw a poisoned dart. The poisoned dart hits Grinder.
Grinder is moderately wounded.
Throw: 5 darts (poison)
Press: ? - help, Q - select action, (/) - cycle Shift-Dir - straight line, f/p - Grinder
Aim: Grinder (moderately wounded, 53% to hit)
You throw a poisoned dart. The poisoned dart hits Grinder.
Grinder is moderately wounded.
Grinder gestures at you. Pain shoots through your body!
You die...

### ##.## ##...##
##.....## #
##(......###.#
###.#....†..@....#
....(..(.5†..#####
#......<....##
.....#.#...## ###.
#.##.## #. ### #.
.. ##


You could see Grinder.

Vanquished Creatures
  5 adders
  2 oozes
  4 worms (D:2)
  A dart slug (D:1)
  3 leopard geckos (D:2)
  3 bats
  3 giant cockroaches
  5 goblins
  3 hobgoblins
  3 jackals (D:2)
  2 frilled lizards (D:1)
  6 kobolds
  8 rats
48 creatures vanquished.

Notes
Turn   | Place    | Note
-------+----------+-------------------------------------------
     0 | D:1      | kreisler the Octopode Brigand began the quest for the Orb.
     0 | D:1      | Reached XP level 1. HP: 14/14 MP: 1/1
   117 | D:1      | Reached XP level 2. HP: 13/19 MP: 2/2
   378 | D:1      | Reached skill level 6 in Stealth
   772 | D:2      | Reached XP level 3. HP: 24/24 MP: 3/3
   951 | D:2      | Reached skill level 7 in Stealth
   970 | D:2      | Reached XP level 4. HP: 30/30 MP: 4/4
  1474 | D:3      | Noticed Grinder
  1493 | D:3      | Reached XP level 5. HP: 19/35 MP: 5/5
  1501 | D:3      | Killed from afar by Grinder

Illustrated notes

Levels and vault maps discovered:
D:1:      onia_arrival_pyramid, layout_rooms, chequers_hall_statues_corner_a
D:2:      layout_loops_cross
D:3:      layout_loops_corners, lemuel_crystal_altar, grunt_qazlal_sundering,
          uniq_robin, uniq_grinder

Skill      XL: |  1  2  3 |
---------------+----------+-----
Stealth        | 6 7 |  7.6
Fighting       | |  2.5
Short Blades   | |  2.4
Throwing       | |  2.0
Dodging        | |  1.5

Action                   |  1- 3 |  4- 6 || total
-------------------------+-------+-------++-------
Melee: Dagger            |    56 |    38 ||    94
       Constrict         |    13 |     5 ||    18
       Tentacles         |     6 |     3 ||     9
Throw: Dart              |       |     4 ||     4
  Use: Scroll            |     4 |     3 ||     7
       Potion            |     3 |     2 ||     5
 Stab: Sleeping          |    10 |    10 ||    20
Armor: Skin              |     2 |     1 ||     3
Dodge: Dodged            |    28 |    18 ||    46
